 Dungeon Crawl Stone Soup version 0.22-a0-443-g17c3723931 (webtiles) character file.

1751 Dickchan the Charmwright (level 9, 0/66 (69) HPs)
             Began as a Gnoll Skald on June 1, 2018.
             Was an Initiate of Cheibriados.
             Slain by Pikel
             ... wielding a +0 whip of electrocution
              (11 damage)
             ... on level 6 of the Dungeon.
             The game lasted 00:15:36 (6323 turns).

Dickchan the Charmwright (Gnoll Skald)              Turns: 6323, Time: 00:15:37

HP:   0/66 (69)     AC:  7    Str: 15    XL:     9   Next: 6%
MP:   18/18         EV: 15    Int: 20    God:    Cheibriados [......]
Gold: 298           SH:  0    Dex: 15    Spells: 19/20 levels left

rFire    . . .     SeeInvis .   l - +2 dagger (drain)
rCold    . . .     Gourm    .   (no shield)
rNeg     . . .     Faith    .   b - +0 leather armour
rPois    +         Spirit   .   (no helmet)
rElec    .         Reflect  .   r - +1 cloak {+Inv}
rCorr    .         Harm     .   (no gloves)
MR       .....     Rnd*Tele +   m - +0 pair of boots
Stlth    ++........             c - amulet of rage
HPRegen  0.21/turn              h - ring of poison resistance
MPRegen  0.16/turn              p - ring of teleportation (curse)

@: very slightly contaminated, slow
A: distributed training, fangs 1, strong nose
a: Bend Time, Renounce Religion, Evoke Berserk Rage, Evoke Invisibility


You were on level 6 of the Dungeon.
You worshipped Cheibriados.
Cheibriados was noncommittal.
You were hungry.

You visited 2 branches of the dungeon, and saw 7 of its levels.

You collected 298 gold pieces.

Inventory:

Hand Weapons
 a - a +0 falchion
 l - a +2 dagger of draining (weapon)
Armour
 b - a +0 leather armour (worn)
 m - a +0 pair of boots (worn)
 r - a +1 cloak of invisibility (worn)
Magical Staves
 I - an uncursed staff of power
Jewellery
 c - an amulet of rage (around neck)
 f - an uncursed amulet of the gourmand {unknown}
 h - a ring of poison resistance (left hand)
 n - an uncursed ring of positive energy
 p - a cursed ring of teleportation (right hand)
 y - an uncursed ring of protection from magic {unknown}
 H - an uncursed amulet of the gourmand {unknown}
Wands
 t - a wand of polymorph (13)
 w - a wand of clouds (5)
Scrolls
 g - 5 scrolls of identify {unknown}
 i - 4 scrolls of teleportation {unknown}
 j - 2 scrolls of magic mapping {unknown}
 k - 4 scrolls of fear {unknown}
 o - 6 scrolls of remove curse {unknown}
 v - 3 scrolls of enchant armour {unknown}
 C - a scroll of amnesia {unknown}
 D - a scroll of enchant weapon {unknown}
 E - a scroll of immolation {unknown}
Potions
 e - a potion of heal wounds
 q - a potion of resistance {unknown}
 s - a potion of flight {unknown}
 u - 3 potions of curing {unknown}
 x - a potion of cancellation {unknown}
 z - a potion of mutation {unknown}
 A - 3 potions of brilliance {unknown}
 B - a potion of might {unknown}
 F - 2 potions of haste {unknown}
 G - a potion of experience {unknown}
Comestibles
 d - 9 rations


   Skills:
 + Level 6.0 Fighting
 + Level 3.8 Short Blades
 + Level 6.0 Long Blades
 + Level 3.8 Axes
 + Level 3.8 Maces & Flails
 + Level 3.8 Polearms
 + Level 3.8 Staves
 + Level 3.8 Slings
 + Level 3.8 Bows
 + Level 3.8 Crossbows
 + Level 3.8 Throwing
 + Level 4.6 Armour
 + Level 6.0 Dodging
 + Level 3.8 Stealth
 + Level 3.8 Shields
 + Level 3.8 Unarmed Combat
 + Level 6.3 Spellcasting
 + Level 3.1 Conjurations
 + Level 3.1 Hexes
 + Level 6.3 Charms
 + Level 3.1 Summonings
 + Level 3.1 Necromancy
 + Level 3.1 Translocations
 + Level 3.1 Transmutations
 + Level 3.1 Fire Magic
 + Level 3.1 Ice Magic
 + Level 3.1 Air Magic
 + Level 3.1 Earth Magic
 + Level 3.1 Poison Magic
 + Level 4.1 Invocations
 + Level 3.8 Evocations


You had 19 spell levels left.
You knew the following spells:

 Your Spells              Type           Power        Failure   Level  Hunger
a - Infusion              Chrm           ####         1%          1    None

Your spell library contained the following spells:

 Spells                   Type           Power        Failure   Level  Hunger
 Confuse                  Hex            ###.....     10%         3    ##.....
 Regeneration             Chrm/Necr      ####......   4%          3    ##.....
 Confusing Touch          Hex            ###...       3%          1    None
 Metabolic Englaciation   Hex/Ice        ###.......   67%         5    #####..
 Petrify                  Tmut/Erth      ###.....     32%         4    ####...
 Shroud of Golubria       Chrm/Tloc      ####......   2%          2    None
 Song of Slaying          Chrm           ####....     1%          2    None
 Spectral Weapon          Hex/Chrm       ####....     4%          3    ##.....
 Gell's Gravitas          Tloc           ###.......   10%         3    ##.....
 Yara's Violent Unravell  Hex/Tmut       ###.......   67%         5    #####..


Dungeon Overview and Level Annotations

Branches:
Dungeon (6/15)             Temple (1/1) D:6

Altars:
Ashenzari
Cheibriados
Elyvilon
Fedhas
Hepliaklqana
Makhleb
Okawaru
Qazlal
Ru
Sif Muna
Trog
Vehumet
Wu Jian
Yredelemnul
Zin
The Shining One

Shops:
D:5 *   D:6 }

Annotations:
D:6 Pikel


Innate Abilities, Weirdness & Mutations

Your experience applies equally to all skills.
You have very sharp teeth.
Your uncanny sense of smell can sniff out nearby items.


Message History

Pikel hits you with a whip of electrocution.
* * * LOW HITPOINT WARNING * * *
The slave hits you.
* * * LOW HITPOINT WARNING * * *
You hit Pikel but do no damage. You drain Pikel!
Pikel is heavily wounded.
Pikel barely misses you. The slave hits you.
* * * LOW HITPOINT WARNING * * *
You hit Pikel.
Pikel is heavily wounded.
You barely miss Pikel.
Pikel is heavily wounded.
Pikel hits you but does no damage. The slave barely misses you.
You barely miss Pikel.
Pikel is heavily wounded.
Pikel hits you but does no damage. The slave barely misses you.
You hit Pikel.
Pikel is severely wounded.
Pikel hits you but does no damage.
You are electrocuted!
You die...

...#...........#..(.....#.....#
#.###.##'###...#........#.##..#
#.###.##..##...#.....[#########
...............#......#
...............#......#
#####...########......#
....#...#####.....#####
....'.......#.....####
....#.......#...@#p8.##
....#.......#...pKp...#
....#######'#....8.>.8####
###.......#.###..........#
#.......#...#..#.8.#...#
#.......#...#..........#
#.......#...#..........#
###.......#####..........#######
#..............####............#


You could see Pikel and 2 slaves.

Vanquished Creatures
  The ghost of splatterpode the Cudgeler, an amateur OpFi (D:4)
  An ice beast (D:5)
  A slave (Temple)
  An ogre (D:4)
  A necrophage (D:5)
  A centaur (D:5)
  A water moccasin zombie (D:6)
  A wyvern skeleton (D:6)
  A scorpion (D:4)
  3 wights (D:3)
  3 howler monkeys
  2 hounds (D:4)
  A bullfrog skeleton (D:6)
  An orc priest (D:3)
  Crazy Yiuf (D:3)
  A jelly (D:6)
  7 orc wizards
  2 iguanas (D:4)
  6 worker ants
  A worker ant zombie (D:6)
  4 gnolls (D:5)
  11 adders
  An adder skeleton (D:6)
  2 dart slugs
  5 leopard geckos
  15 orcs
  5 ball pythons
  5 bats
  7 giant cockroaches
  10 goblins
  5 hobgoblins
  6 jackals
  2 quokkas
  7 frilled lizards
  10 kobolds
  2 leopard gecko skeletons
  12 rats
146 creatures vanquished.

Vanquished Creatures (others)
  A plant (D:3)
1 creature vanquished.

Grand Total: 147 creatures vanquished

Notes
Turn   | Place    | Note
-------+----------+-------------------------------------------
     0 | D:1      | Dickchan the Gnoll Skald began the quest for the Orb.
     0 | D:1      | Reached XP level 1. HP: 20/20 MP: 6/6
   104 | D:1      | Reached XP level 2. HP: 19/26 MP: 7/7
   327 | D:1      | Found a glowing golden altar of the Shining One.
   603 | D:2      | Reached skill level 5 in Spellcasting
   603 | D:2      | Reached XP level 3. HP: 12/31 MP: 7/9
   885 | D:2      | Reached skill level 1 in Invocations
   929 | D:2      | Reached skill level 1 in Short Blades
   929 | D:2      | Reached skill level 1 in Axes
   929 | D:2      | Reached skill level 1 in Maces & Flails
   929 | D:2      | Reached skill level 1 in Polearms
   929 | D:2      | Reached skill level 1 in Staves
   929 | D:2      | Reached skill level 1 in Slings
   929 | D:2      | Reached skill level 1 in Bows
   929 | D:2      | Reached skill level 1 in Crossbows
   929 | D:2      | Reached skill level 1 in Throwing
   929 | D:2      | Reached skill level 1 in Stealth
   929 | D:2      | Reached skill level 1 in Shields
   929 | D:2      | Reached skill level 1 in Unarmed Combat
   929 | D:2      | Reached skill level 1 in Evocations
   930 | D:2      | Reached XP level 4. HP: 38/38 MP: 7/11
  1182 | D:2      | Reached skill level 1 in Conjurations
  1182 | D:2      | Reached skill level 1 in Hexes
  1182 | D:2      | Reached skill level 1 in Summonings
  1182 | D:2      | Reached skill level 1 in Necromancy
  1182 | D:2      | Reached skill level 1 in Translocations
  1182 | D:2      | Reached skill level 1 in Transmutations
  1182 | D:2      | Reached skill level 1 in Fire Magic
  1182 | D:2      | Reached skill level 1 in Ice Magic
  1182 | D:2      | Reached skill level 1 in Air Magic
  1182 | D:2      | Reached skill level 1 in Earth Magic
  1182 | D:2      | Reached skill level 1 in Poison Magic
  1192 | D:2      | Found a faded altar of an unknown god.
  1328 | D:2      | Reached XP level 5. HP: 43/43 MP: 12/12
  1616 | D:3      | Found a runed door.
  1682 | D:3      | Noticed Crazy Yiuf
  1688 | D:3      | Killed Crazy Yiuf
  1887 | D:3      | Reached XP level 6. HP: 49/50 MP: 13/13
  1913 | D:3      | Reached skill level 5 in Fighting
  1913 | D:3      | Reached skill level 5 in Long Blades
  1913 | D:3      | Reached skill level 5 in Dodging
  2043 | D:3      | HP: 3/76 [orc priest/dagger of protection (1)]
  2048 | D:3      | HP: 2/76 [poisoned by an orc]
  2586 | D:4      | Reached XP level 7. HP: 56/56 MP: 15/15
  2786 | D:4      | Found a radiant altar of Vehumet.
  3001 | D:4      | Noticed splatterpode's ghost (amateur OpFi)
  3282 | D:4      | Killed splatterpode's ghost
  3282 | D:4      | Reached XP level 8. HP: 62/63 MP: 12/16
  3372 | D:5      | Entered Level 5 of the Dungeon
  4261 | D:5      | Found Wipto's Assorted Antiques.
  4921 | D:6      | Found a staircase to the Ecumenical Temple.
  5431 | D:6      | Found a deep blue altar of Sif Muna.
  5608 | D:6      | Reached XP level 9. HP: 58/66 MP: 18/18
  5813 | D:6      | Found Eshaec's Gadget Emporium.
  5956 | D:6      | Noticed Pikel
  5962 | Temple   | Entered the Ecumenical Temple
  6259 | Temple   | Became a worshipper of Cheibriados the Contemplative
  6323 | D:6      | Slain by Pikel

Vault maps used:
D:1:      scummos_arrival_forest, tso_altar
D:2:      chequers_ecumenical_altar_simple
D:3:      first_ration, st_stairs_9, lexackson_kobold_supper,
          uniq_crazy_yiuf_cottage
D:4:      lemuel_doored_altar
D:5:      serial_shops, nicolae_shop_overgrown_old_shop
D:6:      tgw_sif, minmay_temple_entry_statues_pillars, serial_shops, shop,
          uniq_pikel
Temple:   minmay_temple_curvy_branch

Skill      XL: |  1  2  3  4  5  6  7  8 |
---------------+-------------------------+-----
Spellcasting   | 5 6 |  6.3
Invocations    | 1 2 3 4 |  4.1
Short Blades   | 1 2 3 |  3.8
Axes           | 1 2 3 |  3.8
Maces & Flails | 1 2 3 |  3.8
Polearms       | 1 2 3 |  3.8
Staves         | 1 2 3 |  3.8
Slings         | 1 2 3 |  3.8
Bows           | 1 2 3 |  3.8
Crossbows      | 1 2 3 |  3.8
Throwing       | 1 2 3 |  3.8
Stealth        | 1 2 3 |  3.8
Shields        | 1 2 3 |  3.8
Unarmed Combat | 1 2 3 |  3.8
Evocations     | 1 2 3 |  3.8
Conjurations   | 1 2 3 |  3.1
Hexes          | 1 2 3 |  3.1
Summonings     | 1 2 3 |  3.1
Necromancy     | 1 2 3 |  3.1
Translocations | 1 2 3 |  3.1
Transmutations | 1 2 3 |  3.1
Fire Magic     | 1 2 3 |  3.1
Ice Magic      | 1 2 3 |  3.1
Air Magic      | 1 2 3 |  3.1
Earth Magic    | 1 2 3 |  3.1
Poison Magic   | 1 2 3 |  3.1
Armour         | 3 4 |  4.6
Fighting       | 5 6 |  6.0
Long Blades    | 5 6 |  6.0
Dodging        | 5 6 |  6.0
Charms         | 6 |  6.3

Action                   |  1- 3 |  4- 6 |  7- 9 || total
-------------------------+-------+-------+-------++-------
Melee: Falchion          |    73 |    32 |    47 ||   152
       Bite              |     3 |    10 |    57 ||    70
       Dagger            |       |    86 |   186 ||   272
       Whip              |       |    37 |   152 ||   189
       Punch             |       |       |     8 ||     8
 Cast: Infusion          |     4 |     3 |     4 ||    11
 Abil: Evoke Berserk Rag |     2 |     5 |     3 ||    10
       Evoke Invisibilit |       |       |     1 ||     1
Evoke: Wand              |       |       |     2 ||     2
  Use: Potion            |       |     1 |       ||     1
 Stab: Sleeping          |       |     1 |     2 ||     3
       Invisible         |       |       |     9 ||     9
  Eat: Chunk             |     2 |     9 |    12 ||    23
       Ration            |       |       |     1 ||     1
Armor: Leather armour    |    16 |    35 |    78 ||   129
Dodge: Dodged            |    58 |   115 |   312 ||   485
       Rpst.: Falchion   |    19 |     8 |    11 ||    38

Table legend:
 A = Spawn XP
 B = Non-spawn XP
 C = Spawn XP percentage of total XP
 D = Spawn monster count
 E = Non-spawn monster count
 F = Spawn count percentage of total count
 G = Total turns spent on level
                    A         B        C        D         E        F      G
               +---------+---------+-------+---------+---------+-------+---------
         Total |       0 |    2502 |   0.0 |       0 |     145 |   0.0 |  6323
               +---------+---------+-------+---------+---------+-------+---------
           D:1 |       0 |      24 |   0.0 |       0 |      14 |   0.0 |   495
           D:2 |       0 |     144 |   0.0 |       0 |      33 |   0.0 |   892
           D:3 |       0 |     393 |   0.0 |       0 |      35 |   0.0 |  1187
           D:4 |       0 |     902 |   0.0 |       0 |      25 |   0.0 |   798
           D:5 |       0 |     580 |   0.0 |       0 |      17 |   0.0 |  1494
           D:6 |       0 |     459 |   0.0 |       0 |      21 |   0.0 |  1137
               +---------+---------+-------+---------+---------+-------+---------
